Unix NetHack Version 3.7.0-71 Work-in-progress - last build Jan 31 2023 02:41:03 (7ba98a1283f2b7cec35fde026edb48fc825ab8ae,branch:master). Game began 2023-02-05 17:12:04, ended 2023-02-05 17:43:24. nmlkj, chaotic male human Wizard --.--- ---------- ------- `------ ------ |....-#####-......... ###|.....| ###.<...| |..{.| |.!..| ###|........| ##.(.|..-# |....| |....-#########|...>| |......... #####|...^.|## |....| |....|# #..f@.| |........| #### ------- ## ##.....| ------# |....| |........|## ### # ------ # ------ |.........### # # ## # ----------# ########### # # #-.---- ##### ## |....| ## |....| # |....| |....| +....| ------ Nmlkj the Conjurer St:10 Dx:15 Co:17 In:18 Wi:9 Ch:10 Chaotic S:1648 Dlvl:9 $:154 HP:0(42) Pw:27(37) AC:3 Xp:5/271 T:3254 Latest messages: You destroy the ice vortex! The pony drops a blindfold. What do you want to use or apply? In what direction? n You slip the leash around your pony. It is choked by the leash! $ - 10 gold pieces (154 in total). You see here an orange potion. You feel yourself slow down. That door is closed. The door opens. You swap places with your pony. Wizard needs food, badly! The pony misses the jaguar. The pony bites the jaguar. The jaguar hits the pony. The jaguar misses the pony. The jaguar misses the pony. The jaguar hits! The jaguar hits! The jaguar misses! It is choked by the leash! It is choked by the leash! Your leash chokes it to death! You hear the rumble of distant thunder... The jaguar hits! The jaguar hits! The jaguar misses! The jaguar hits! The jaguar hits! The jaguar bites! In what direction? h The spell misses the jaguar. The jaguar hits! The jaguar misses! The jaguar bites! Are you sure you want to pray? [yn] (n) y You begin praying to Anhur. You are surrounded by a shimmering light. The jaguar starts to attack you, but pulls back. The jaguar starts to attack you, but pulls back. The jaguar starts to attack you, but pulls back. You finish your prayer. You feel that Anhur is pleased. Your stomach feels content. In what direction? h The spell misses the jaguar. The jaguar hits! The jaguar hits! You die... Inventory: Coins $ - 154 gold pieces Weapons a - a blessed +1 quarterstaff (weapon in hands) Armor I - an uncursed +0 orcish helm (being worn) b - an uncursed +0 cloak of magic resistance (being worn) C - an uncursed +0 leather armor (being worn) Comestibles F - an uncursed slime mold K - an uncursed cream pie A - 2 uncursed food rations q - an uncursed lichen corpse Scrolls P - a cursed scroll of amnesia o - an uncursed scroll of earth R - an uncursed scroll of enchant weapon j - 2 uncursed scrolls of scare monster B - an uncursed scroll of taming i - an uncursed scroll of teleportation Spellbooks p - an uncursed spellbook of clairvoyance G - an uncursed spellbook of cure sickness m - an uncursed spellbook of detect unseen l - a blessed spellbook of force bolt H - a cursed spellbook of polymorph Rings e - an uncursed ring of poison resistance (on right hand) d - an uncursed +3 ring of protection (on left hand) Wands z - a wand of cold (0:4) S - a wand of lightning (0:3) c - a wand of magic missile (0:7) Tools n - an uncursed blindfold u - a cursed leash J - an uncursed lock pick Gems/Stones t - an uncursed fluorite stone M - an uncursed turquoise stone r - an uncursed worthless piece of green glass O - an uncursed worthless piece of yellow glass s - an uncursed touchstone Nmlkj the Wizard's attributes: Background: You were a Conjurer, a level 5 male human Wizard. You were chaotic, on a mission for Anhur who was opposed by Ptah (lawful) and Thoth (neutral). You were in the Dungeons of Doom, on level 9. You entered the dungeon 3254 turns ago. There was a full moon in effect when your adventure ended. You had 271 experience points, 49 more were needed to attain level 6. Your score was 1648 before end-of-game adjustments. Basics: You had 0 out of 42 hit points. You had 27 out of 37 energy points (spell power). Your armor class was 3. Your wallet contained 154 zorkmids. Autopickup was on for '$' plus thrown. Final Characteristics: Your strength was 10 (limit:18/100). Your dexterity was 15 (peak:16, limit:18). Your constitution was 17 (limit:18). Your intelligence was 18 (limit:18). Your wisdom was 9 (limit:18). Your charisma was 10 (limit:18). Final Status: You were not hungry. You were unencumbered. You were wielding a quarterstaff. You had basic skill with quarterstaff. Final Attributes: You were fervently aligned. You were magic-protected. You were poison resistant. You were telepathic. You had a small defense bonus (+3). You were guarded. You are dead. Miscellaneous: You disabled loading of bones levels. Total elapsed playing time was 31 minutes and 20 seconds. Major events: Turn 1: nmlkj the chaotic male human Wizard entered the dungeon 463: entered the Gnomish Mines 898: attained the rank of Conjurer (level 3) 3254: killed by a jaguar Vanquished creatures: 2 ice vortices a pony a shrieker a gnome leader a red naga hatchling 2 floating eyes a kobold leader a rabid rat a werejackal an iguana 2 acid blobs a large kobold 2 hobgoblins a brown mold a gecko 10 jackals a fox 2 kobolds 3 sewer rats 4 grid bugs 3 lichens a kobold zombie 5 newts 48 creatures vanquished. No species were genocided or became extinct. Voluntary challenges: You read items or engraved 2 times. You engraved Elbereth 1 time. You never genocided any monsters. You never polymorphed an object. You never changed form. You used no wishes. Achievements: You entered the Gnomish Mines. You entered a shop. You attained the rank of Conjurer. The Dungeons of Doom: levels 1 to 9 Level 1: Many fountains. Level 2: An armor shop. Stairs down to The Gnomish Mines. Level 3: A weapon shop. Level 4: A scroll shop, a fountain, a grave. Level 5: An altar, a fountain. Level 6: A scroll shop. Level 7: Level 8: Level 9: <- You were here. A fountain, a grave. Final resting place for you, killed by a jaguar. The Gnomish Mines: Level 3: Game over: ---------- / \ / REST \ / IN \ / PEACE \ / \ | nmlkj | | 154 Au | | killed by a | | jaguar | | | | | | 2023 | *| * * * | * _________)/\\_//(\/(/\)/\//\/|_)_______ Goodbye nmlkj the Wizard... You died in The Dungeons of Doom on dungeon level 9 with 1633 points, and 154 pieces of gold, after 3254 moves. You were level 5 with a maximum of 42 hit points when you died.